 Dungeon Crawl Stone Soup version 0.29-a0-841-g116ddc6ace (webtiles) character file.

Game seed: 15226455948593087065

1815 tilp the Purveyor of Pain (level 8, -6/62 HPs)
             Began as a Mummy Necromancer on July 14, 2022.
             Was an Initiate of Kikubaaqudgha.
             Mangled by a vampire mosquito (9 damage)
             ... on level 7 of the Dungeon.
             The game lasted 00:14:05 (9133 turns).

tilp the Purveyor of Pain (Mummy Necromancer)       Turns: 9133, Time: 00:14:06

Health: -6/62      AC:  4    Str: 17    XL:     8   Next: 85%
Magic:  16/16      EV: 13    Int: 16    God:    Kikubaaqudgha [......]
Gold:   326        SH:  0    Dex: 13    Spells: 1/18 levels left

rFire   x . .      SeeInvis .   a - +0 whip (pain)
rCold   + . .      Faith    .   (no shield)
rNeg    + + +      Spirit   .   e - +0 robe
rPois   ∞          Reflect  .   (no helmet)
rElec   .          Harm     .   (no cloak)
rCorr   .          Rampage  .   (no gloves)
Will    +....                   m - +1 pair of boots
Stlth   ++........              (no amulet)
HPRegen 0.20/turn               n - +6 ring of strength
MPRegen 0.15/turn               h - ring of wizardry

@: no status effects
A: cold resistance 1, negative energy resistance 3, torment resistance 2, heat
vulnerability 1, in touch with death 1, no potions
a: Renounce Religion


You were on level 7 of the Dungeon.
You worshipped Kikubaaqudgha.
Kikubaaqudgha was noncommittal.
You visited 2 branches of the dungeon, and saw 8 of its levels.
You also visited: Ossuary.

You collected 326 gold pieces.

Inventory:

Hand Weapons
 a - a +0 whip of pain (weapon)
 b - a +0 sling
 p - a +0 war axe
 q - a +0 spear of flaming
Missiles
 d - 31 stones
 o - 6 boomerangs
 v - 6 silver boomerangs
 y - 6 poisoned darts
Armour
 e - a +0 robe (worn)
 m - a +1 pair of boots (worn)
 r - a +0 kite shield
Magical Staves
 x - a staff of earth
Jewellery
 c - a ring of protection from cold
 h - a ring of wizardry (right hand)
 n - a +6 ring of strength (left hand)
Wands
 t - a wand of charming (14)
 w - a wand of acid (1)
Scrolls
 f - 4 scrolls of vulnerability
 g - 2 scrolls of teleportation
 i - a scroll of fear
 j - 6 scrolls of noise
 k - a scroll of magic mapping {unknown}
 l - a scroll of blinking {unknown}
 s - a scroll of fog {unknown}
 u - a scroll of enchant weapon {unknown}
 z - a scroll of immolation


   Skills:
 * Level 5.1 Fighting
 - Level 4.0 Dodging
 - Level 2.0 Stealth
 + Level 5.6 Spellcasting
 * Level 8.6 Necromancy
 + Level 1.5 Evocations


You had one spell level left.
You knew the following spells:

 Your Spells              Type           Power      Damage    Failure   Level
a - Necrotise             Necr           100%       1d9       1%          1
b - Vampiric Draining     Necr           48%        2d9       1%          3
c - Animate Dead          Necr           48%        N/A       1%          4
d - Dispel Undead         Necr           48%        3d18      1%          4
e - Agony                 Necr           48%        N/A       4%          5

Your spell library contained the following spells:

 Spells                   Type           Power      Damage    Failure   Level
 Magic Dart               Conj           16%        1d3       6%          1
 Call Imp                 Summ           4%         N/A       9%          2
 Searing Ray              Conj           8%         2d4       9%          2
 Static Discharge         Conj/Air       4%         3-4/arc   9%          2
 Inner Flame              Hex/Fire       4%         N/A       16%         3
 Mephitic Cloud           Conj/Pois/Air  4%         N/A       16%         3
 Fulminant Prism          Conj/Hex       2%         3d6       45%         4
 Sticky Flame             Conj/Fire      4%         2d3       45%         4
 Fireball                 Conj/Fire      2%         3d4       80%         5
 Silence                  Hex/Air        2%         N/A       80%         5
 Summon Hydra             Summ           2%         N/A       100%        7
 Sublimation of Blood     Necr           Unusable   N/A       N/A         2
 Wereblood                Tmut           Unusable   N/A       N/A         2

Dungeon Overview and Level Annotations

Branches:
Dungeon (7/15)             Temple (1/1) D:6         Ossuary (visited)

Altars:
Cheibriados
Dithmenos
Gozag
Hepliaklqana
Kikubaaqudgha
Makhleb
Okawaru
Qazlal
Ru
Sif Muna
Vehumet
Wu Jian
Yredelemnul

Annotations:
D:3 2 runed translucent doors, ouz's ghost, amateur MfGl


Innate Abilities, Weirdness & Mutations

You are immune to poison.
Your flesh is cold resistant. (rC+)
You are immune to negative energy. (rN+++)
You are immune to unholy pain and torment.
You are vulnerable to heat. (rF-)
You are in touch with the powers of death.
You do not drink.


Message History

The vampire mosquito is no longer covered in acid.
The vampire mosquito bites your vampire mosquito.
Your vampire mosquito is destroyed!
Training target 4.0 for Dodging reached!
Your Dodging skill increases to level 4!
Unknown command.
Okay, then.
Unknown command.
Okay, then.
Aiming: Corrosive Bolt
Press: ? - help, Shift-Dir - straight line, f/p - vampire mosquito
Aim: a vampire mosquito (moderately damaged, 53% to hit)
The bolt of acid hits the vampire mosquito!
The acid corrodes the vampire mosquito!
The vampire mosquito is almost destroyed.
The vampire mosquito barely misses you.
Unknown command.
Aiming: Corrosive Bolt
Press: ? - help, Shift-Dir - straight line, f/p - vampire mosquito
Aim: a vampire mosquito (almost destroyed, covered in acid, 53% to hit)
The bolt of acid misses the vampire mosquito.
The vampire mosquito misses you.
The vampire mosquito completely misses you.
Unknown command.
Unknown command.
Aiming: Corrosive Bolt
Press: ? - help, Shift-Dir - straight line, f/p - vampire mosquito
Aim: a vampire mosquito (almost destroyed, covered in acid, 53% to hit)
The bolt of acid misses the vampire mosquito.
The vampire mosquito barely misses you.
The vampire mosquito closely misses you.
Unknown command.
Unknown command.
Aiming: Corrosive Bolt
Press: ? - help, Shift-Dir - straight line, f/p - vampire mosquito
Aim: a vampire mosquito (almost destroyed, covered in acid, 53% to hit)
The bolt of acid misses the vampire mosquito.
The vampire mosquito bites you!
You die...
Kikubaaqudgha rasps: "You have failed me!
Welcome... oblivion!"

.......# ######.# #.# #.# #.#
######## #.# ##......## #.#
......... #.##...# #......#
#.##...#.##@# #.##...#...y#
#.##...####.# #.##...# #.#
######.##...####†#####
......>.'............#
######.##)..########.#######
.........).................##.
..........Z...................


You could see a vampire mosquito (corroded).

Vanquished Creatures
  2 vampire mosquitoes (D:7)
  A sky beast (D:7)
  2 phantoms
  A kobold brigand (D:7)
  A bullfrog (D:7)
  A necrophage (D:4)
  3 scorpions
  4 killer bees
  A howler monkey (D:5)
  2 hounds
  2 human zombies (Ossuary)
  2 orc priests
  3 iguanas
  3 orc wizards
  5 mummies (Ossuary)
  7 gnolls
  8 adders
  A shadow imp (D:5)
  2 white imps
  An ufetubus (D:5)
  2 dart slugs
  13 orcs
  5 endoplasms
  4 giant cockroaches
  10 goblins
  11 hobgoblins
  2 jackals (D:1)
  8 kobolds
  7 quokkas
  7 ball pythons
  4 bats
  3 frilled lizards (D:1)
  3 hobgoblin zombies (Ossuary)
  A kobold zombie (Ossuary)
  2 orc zombies (Ossuary)
  6 rats
140 creatures vanquished.

Vanquished Creatures (collateral kills)
  An adder (D:4)
  An endoplasm (D:1)
  A hobgoblin (D:1)
  A rat (D:1)
4 creatures vanquished.

Vanquished Creatures (others)
  A vampire mosquito (D:7)
  5 kobold zombies (D:7)
6 creatures vanquished.

Grand Total: 150 creatures vanquished

Notes
Turn   | Place    | Note
-------+----------+-------------------------------------------
     0 | D:1      | tilp the Mummy Necromancer began the quest for the Orb.
     0 | D:1      | Reached XP level 1. HP: 13/13 MP: 4/4
    71 | D:1      | Reached XP level 2. HP: 15/20 MP: 2/5
   237 | D:1      | Got the Quarto of Damaging Execration
   280 | D:1      | Reached skill level 1 in Fighting
   716 | D:1      | Gained mutation: You are in touch with the powers of death.
                  | [Mummy growth]
   716 | D:1      | Reached XP level 3. HP: 22/26 MP: 4/7
  1007 | D:2      | Learned a level 3 spell: Vampiric Draining
  1250 | D:2      | Found a faded altar of an unknown god.
  1262 | D:2      | Reached XP level 4. HP: 33/33 MP: 4/8
  1595 | D:2      | Learned a level 4 spell: Dispel Undead
  1727 | D:3      | Found a runed translucent door.
  1758 | D:3      | Reached skill level 5 in Necromancy
  1921 | D:3      | Reached XP level 5. HP: 26/38 MP: 2/9
  2129 | D:3      | Found a radiant altar of Vehumet.
  2376 | D:3      | Found a runed translucent door.
  2379 | D:3      | Noticed ouz's ghost (amateur MfGl)
  2881 | D:4      | Reached skill level 6 in Necromancy
  3069 | D:4      | Found a burning altar of Makhleb.
  3072 | D:4      | Noticed a phantom
  3373 | D:4      | Reached XP level 6. HP: 45/45 MP: 3/10
  4496 | D:4      | Reached XP level 7. HP: 52/52 MP: 3/12
  4622 | D:5      | Entered Level 5 of the Dungeon
  4745 | D:5      | Found a hazy altar of Hepliaklqana.
  4865 | D:5      | Found a sand-covered staircase.
  4890 | Ossuary  | Entered an ossuary
  5711 | D:5      | Reached skill level 7 in Necromancy
  5888 | D:5      | Learned a level 4 spell: Animate Dead
  6606 | D:5      | Found an iron altar of Okawaru.
  7505 | D:6      | Reached skill level 5 in Spellcasting
  7692 | D:6      | Reached XP level 8. HP: 60/60 MP: 10/15
  7820 | D:6      | Found a staircase to the Ecumenical Temple.
  7850 | Temple   | Entered the Ecumenical Temple
  7901 | Temple   | Became a worshipper of Kikubaaqudgha
  8279 | D:7      | Reached skill level 8 in Necromancy
  8286 | D:7      | Learned a level 5 spell: Agony
  8998 | D:7      | Reached skill level 1 in Evocations
  9122 | D:7      | Reached skill level 5 in Fighting
  9125 | D:7      | HP: 2/62 [vampire mosquito (5)]
  9133 | D:7      | Mangled by a vampire mosquito

Illustrated notes

Levels and vault maps discovered:
D:1:      shiori_arrival_oz, layout_basic
D:2:      layout_rooms, basic_ecumenical_altar
D:3:      layout_basic, vehumet_crystals, ebering_ghost_sewer_f
D:4:      cheibrodos_greedy_goblins, layout_gridville, kennysheep_mini,
          minmay_pentomino_pile
D:5:      layout_basic, kennysheep_little_box,
          mainiacjoe_overflow_cross_hatched, enter_ossuary_5
D:6:      layout_loops_ring, minmay_temple_entry_grid
D:7:      layout_basic, lemuel_flamethrower_2, uniq_joseph, uniq_maggie
Temple:   hellmonk_temple_of_storms

Skill      XL: |  1  2  3  4  5  6  7  8 |
---------------+-------------------------+-----
Fighting       | 1 2 3 4 5 |  5.1
Spellcasting   | 3 5 |  5.6
Stealth        | 2 |  2.0
Dodging        | 2 3 4 |  4.0
Necromancy     | 5 6 7 8 |  8.6
Evocations     | 1 |  1.5

Action                   |  1- 3 |  4- 6 |  7- 9 || total
-------------------------+-------+-------+-------++-------
Melee: Whip              |       |     2 |     9 ||    11
       Spear             |       |       |     9 ||     9
       Sling             |       |       |     1 ||     1
 Fire: Sling             |    72 |    70 |    75 ||   217
 Cast: Necrotise         |    22 |    64 |     7 ||    93
       Vampiric Draining |     1 |    12 |    40 ||    53
       Dispel Undead     |       |     3 |    18 ||    21
       Animate Dead      |       |       |     1 ||     1
Evoke: Wand              |       |       |     8 ||     8
  Use: Scroll            |     2 |     2 |     6 ||    10
Armor: Robe              |     7 |     8 |    20 ||    35
Dodge: Dodged            |    22 |    32 |    79 ||   133

Table legend: (Time is in decaauts)
 A = Elapsed time spent in this place.
 B = Non-inter-level travel time spent in this place.
 C = Inter-level travel time spent in this place.
 D = Time resting spent in this place.
 E = Time spent auto-exploring this place.
 F = Levels seen in this place.
 G = Mean time per level.
                   A        B        C        D        E       F      G
               +--------+--------+--------+--------+--------+-----+--------+
         Total |   9211 |   8779 |    432 |   1816 |   5583 |   9 | 1023.4 |
       Dungeon |   8424 |   8029 |    395 |   1330 |   5495 |   7 | 1203.4 |
        Temple |     71 |     34 |     37 |      0 |     24 |   1 |   71.0 |
       Ossuary |    715 |    715 |      0 |    486 |     64 |   1 |  715.0 |
               +--------+--------+--------+--------+--------+-----+--------+

Top non-repeatable levels by time:
     D:5: 2078 daAuts
     D:4: 1698 daAuts
     D:3: 1317 daAuts
     D:1: 1000 daAuts
     D:6: 982 daAuts
 Ossuary: 715 daAuts
     D:7: 689 daAuts
     D:2: 657 daAuts
  Temple: 71 daAuts
